 Dungeon Sprint DCSS version 0.21-a0-352-g5b8f553 (webtiles) character file.

60 Kidiri the Skirmisher (level 3, -3/36 HPs)
             Began as a Draconian Berserker on Oct 10, 2017.
             Was a Believer of Trog.
             Slain by a human (5 damage)
             ... in the Dungeon (Sprint III: "The Ten Rune Challenge").
             The game lasted 00:01:17 (160 turns).

Kidiri the Skirmisher (Draconian Berserker)          Turns: 160, Time: 00:01:18

Health: -3/36      AC:  5    Str: 20    XL:     3   Next: 82%
Magic:  3/3        EV: 13    Int:  7    God:    Trog [**....]
Gold:   0          SH:  0    Dex: 10    Spells: 2/2 levels left

rFire    . . .     SeeInvis .   a - +0 mace
rCold    . . .     Gourm    .   (no shield)
rNeg     . . .     Faith    .   (armour unavailable)
rPois    .         Spirit   .   (helmet restricted)
rElec    .         Reflect  .   (no cloak)
rCorr    .         Harm     .   (no gloves)
MR       .....     NoTele   +   (no boots)
Stlth    +.........             (no amulet)
HPRegen  0.12/turn              (no ring)
MPRegen  0.08/turn              (no ring)

@: berserk cooldown, slowed, very slow
A: unfitting armour, cold-blooded, AC +5
a: Berserk, Trog's Hand, Burn Spellbooks, Renounce Religion


You were in the Dungeon.
You worshipped Trog.
Trog was pleased with you.
You were not hungry.

You visited 1 branch

Inventory:

Hand Weapons
 a - a +0 mace (weapon)
Scrolls
 h - a scroll of blinking
 j - a scroll of fog {unknown}
Potions
 e - a potion of haste
 f - 2 potions of magic
Comestibles
 b - a bread ration
 i - 2 chunks of flesh


   Skills:
 * Level 5.4 Fighting
 * Level 5.0 Maces & Flails
 + Level 2.2 Throwing
 * Level 4.5 Dodging


You had 2 spell levels left.
You didn't know any spells.

Dungeon Overview and Level Annotations

Branches:
Dungeon (1/1)

Altars:


Innate Abilities, Weirdness & Mutations

Your plain brown scales are hard. (AC +5)
You cannot fit into any form of body armour.
You are cold-blooded and may be slowed by cold attacks.


Message History

* * * LOW HITPOINT WARNING * * *
You feel better. The human closely misses you. The human hits you!
* * * LOW HITPOINT WARNING * * *
Okay, then.
Unknown command.
You closely miss the human.
The human is heavily wounded.
The human hits you.
* * * LOW HITPOINT WARNING * * *
Unknown command.
You thump the human!
The human is almost dead.
The human hits you.
* * * LOW HITPOINT WARNING * * *
The human closely misses you.
Unknown command.
You hit the human.
The human is almost dead.
The human hits you but does no damage. The human hits you.
You die...

▓...#......##
▓..##....)..# .#
▓##.##.##...# .#
##.##.###..# ..#
▓#.####.##..# ...+
▓.###..##..##
#...# ▓#.....##÷.#
#....#
###÷.##...##.....#
##..##....#@p....#
#..###..##.#.....#
#..# #..#####....#
▓▓▓▓ ▓▓▓▓ ▓▓▓▓▓


You could see a human.

Vanquished Creatures
  Crazy Yiuf (D)
  Jessica (D)
  An ooze (D)
  2 rats (D)
5 creatures vanquished.

Vanquished Creatures (others)
  6 hellions (D)
  A yaktaur (D)
  A plant (D)
8 creatures vanquished.

Grand Total: 13 creatures vanquished

Notes
Turn   | Place    | Note
-------+----------+-------------------------------------------
     0 | D        | Kidiri the Draconian Berserker began the quest for the Orb.
     0 | D        | Reached XP level 1. HP: 19/19 MP: 1/1
    66 | D        | Killed a hellion
    83 | D        | Killed a yaktaur
    88 | D        | Noticed Jessica
    93 | D        | Killed Jessica
    93 | D        | Reached ** piety under Trog
    93 | D        | Reached skill level 1 in Throwing
    93 | D        | Reached XP level 2. HP: 25/28 MP: 2/2
    93 | D        | Reached XP level 3. HP: 32/35 MP: 3/3
   102 | D        | Killed a hellion
   103 | D        | Killed a hellion
   104 | D        | Killed a hellion
   104 | D        | Killed a hellion
   132 | D        | Noticed Crazy Yiuf
   141 | D        | Killed Crazy Yiuf
   141 | D        | Reached skill level 5 in Fighting
   141 | D        | Reached skill level 5 in Maces & Flails
   150 | D        | Killed a hellion
   160 | D        | Slain by a human

Vault maps used:
D:        dungeon_sprint_mu

Skill      XL: |  1  2  3 |
---------------+----------+-----
Dodging        | 4 |  4.5
Fighting       | 4 5 |  5.4
Maces & Flails | 4 5 |  5.0
Throwing       | 1 2 |  2.2

Action                   || total
-------------------------++-------
Melee: Mace              ||    33
       Tailslap          ||     1
  Use: Potion            ||     3
Armor: Skin              ||     5
Dodge: Dodged            ||    21

Table legend:
 A = Spawn XP
 B = Non-spawn XP
 C = Spawn XP percentage of total XP
 D = Spawn monster count
 E = Non-spawn monster count
 F = Spawn count percentage of total count
 G = Total turns spent on level
                    A         B        C        D         E        F      G
               +---------+---------+-------+---------+---------+-------+---------
         Total |       0 |      87 |   0.0 |       0 |       5 |   0.0 |   160
               +---------+---------+-------+---------+---------+-------+---------
             D |       0 |      87 |   0.0 |       0 |       5 |   0.0 |   160
               +---------+---------+-------+---------+---------+-------+---------
